General information
- name: BNet
- type: Ladder 1vs1/FFA
- host: Battle.net
- saver: BEAR_AND
map: MeltingValley
- players: 2
- length: 82:38
- speed: Fast
- version: 1.27 W3XP
- replay type:

» download(265 KB)
Players
team 1 (winner)
BEAR_AND (
red | 112 APM | 9295 actions | 82:38)
9 Blademaster
3 Wind Walk
3 Critical Strike
1 Bladestorm
2 Mirror Image
7 Shadow Hunter
3 Healing Wave
3 Hex
1 Big Bad Voodoo
7 Tauren Chieftain
3 Shockwave
3 Endurance Aura
1 Reincarnation
» actions
| Assign group hotkey | 28 | |
| Basic commands | 69 | |
| Build / train | 116 | |
| Enter build submenu | 60 | |
| Enter hero's abilities submenu | 23 | |
| Give item / drop item | 16 | |
| Remove unit from queue | 3 | |
| Right click | 6307 | |
| Select / deselect | 1113 | |
| Select group hotkey | 991 | |
| Use ability | 567 | |
9295 total
» units
| Peon | 17 | |
| Troll Batrider | 31 | |
| Spirit Walker | 1 | |
| Troll Witch Doctor | 1 | |
| Demolisher | 2 | |
52 total
» upgrades
| Ranged Weapons | 3 | |
| Liquid Fire | 1 | |
| Witch Doctor Training | 2 | |
| Burning Oil | 1 | |
| Troll Regeneration | 1 | |
| Spirit Walker Training | 1 | |
9 total
» buildings
| Altar of Storms | 1 | |
| Orc Burrow | 5 | |
| War Mill | 1 | |
| Voodoo Lounge | 1 | |
| Watch Tower | 66 | |
| Stronghold | 3 | |
| Beastiary | 2 | |
| Fortress | 3 | |
| Spirit Lodge | 1 | |
| Great Hall | 1 | |
| Barracks | 1 | |
85 total
» build order
00:10 Altar of Storms
00:20 Orc Burrow
00:35 War Mill
01:05 Voodoo Lounge
01:51 Watch Tower
02:13 Watch Tower
02:24 Watch Tower
02:42 Watch Tower
02:53 Watch Tower
03:31 Stronghold
03:31 Stronghold
03:31 Stronghold
03:53 Watch Tower
04:10 Orc Burrow
04:13 Orc Burrow
04:29 Watch Tower
04:54 Watch Tower
05:12 Orc Burrow
05:36 Watch Tower
06:05 Watch Tower
06:22 Beastiary
06:48 Watch Tower
07:31 Watch Tower
07:56 Fortress
07:56 Fortress
08:00 Watch Tower
08:42 Watch Tower
08:42 Watch Tower
08:49 Beastiary
09:58 Spirit Lodge
11:44 Watch Tower
11:45 Watch Tower
13:44 Watch Tower
13:44 Watch Tower
14:00 Watch Tower
15:18 Orc Burrow
18:24 Watch Tower
18:25 Watch Tower
18:25 Watch Tower
18:26 Watch Tower
19:53 Watch Tower
19:54 Watch Tower
19:54 Watch Tower
19:55 Watch Tower
19:59 Watch Tower
20:00 Watch Tower
20:00 Watch Tower
20:01 Watch Tower
20:01 Watch Tower
20:01 Watch Tower
21:26 Watch Tower
21:39 Watch Tower
22:35 Watch Tower
22:41 Watch Tower
22:45 Great Hall
23:46 Watch Tower
23:47 Watch Tower
23:48 Watch Tower
25:34 Watch Tower
25:34 Watch Tower
25:40 Watch Tower
25:41 Watch Tower
25:59 Barracks
27:10 Watch Tower
27:15 Watch Tower
28:49 Watch Tower
28:49 Watch Tower
28:50 Watch Tower
30:44 Watch Tower
33:49 Watch Tower
33:51 Watch Tower
36:31 Watch Tower
36:32 Watch Tower
36:32 Watch Tower
36:33 Watch Tower
36:34 Watch Tower
36:34 Watch Tower
47:15 Watch Tower
47:15 Watch Tower
47:15 Watch Tower
47:16 Watch Tower
47:16 Watch Tower
47:17 Watch Tower
» items
| Healing Salve | 4 | |
| Lesser Clarity Potion | 3 | |
| Boots of Speed | 3 | |
| Staff of Teleportation | 3 | |
| Orb of Lightning | 2 | |
| Scroll of Town Portal | 1 | |
16 total
team 2 (loser)

»
jcV (
green | 64 APM | 5329 actions | 82:37)
7 Demon Hunter
3 Evasion
3 Immolation
1 Mana Burn
3 Beastmaster
2 Summon Quilbeast
1 Summon Bear
» actions
| Assign group hotkey | 59 | |
| Basic commands | 46 | |
| Build / train | 241 | |
| ESC pressed | 30 | |
| Enter build submenu | 185 | |
| Enter hero's abilities submenu | 9 | |
| Give item / drop item | 15 | |
| Right click | 1791 | |
| Select / deselect | 880 | |
| Select group hotkey | 1707 | |
| Use ability | 366 | |
5329 total
» units
| Wisp | 145 | |
| Archer | 8 | |
| Druid of the Talon | 11 | |
| Glaive Thrower | 6 | |
| Chimaera | 4 | |
| Hippogryph | 1 | |
| Goblin Shredder | 1 | |
| Goblin Zeppelin | 1 | |
| Goblin Sapper | 5 | |
182 total
» upgrades
| Druid of the Talon Training | 2 | |
| Ultravision | 1 | |
| Strength of the Wild | 3 | |
| Reinforced Hides | 2 | |
| Corrosive Breath | 1 | |
| Nature's Blessing | 1 | |
| Backpack | 1 | |
| Strength of the Moon | 2 | |
| Moon Armor | 1 | |
14 total
» buildings
| Altar of Elders | 1 | |
| Moon Well | 9 | |
| Ancient of War | 1 | |
| Ancient of Wonders | 1 | |
| Tree of Ages | 3 | |
| Hunter's Hall | 1 | |
| Ancient of Wind | 3 | |
| Tree of Life | 7 | |
| Tree of Eternity | 2 | |
| Chimaera Roost | 2 | |
| Ancient Protector | 146 | |
176 total
» build order
00:11 Altar of Elders
00:17 Moon Well
00:31 Ancient of War
01:31 Moon Well
01:56 Ancient of Wonders
02:22 Moon Well
03:30 Tree of Ages
03:30 Tree of Ages
04:13 Hunter's Hall
04:33 Moon Well
05:14 Moon Well
05:55 Ancient of Wind
05:55 Ancient of Wind
06:07 Ancient of Wind
06:53 Tree of Life
07:19 Tree of Life
08:52 Tree of Eternity
08:52 Tree of Eternity
11:15 Chimaera Roost
11:16 Chimaera Roost
15:31 Ancient Protector
15:33 Ancient Protector
15:35 Ancient Protector
15:56 Ancient Protector
16:00 Ancient Protector
16:03 Ancient Protector
16:54 Moon Well
17:20 Ancient Protector
17:35 Ancient Protector
17:41 Ancient Protector
17:42 Ancient Protector
18:13 Ancient Protector
18:28 Ancient Protector
18:29 Ancient Protector
18:30 Ancient Protector
18:31 Ancient Protector
21:34 Ancient Protector
21:34 Ancient Protector
21:35 Ancient Protector
21:35 Ancient Protector
21:36 Ancient Protector
23:21 Tree of Life
23:22 Ancient Protector
23:23 Ancient Protector
23:29 Ancient Protector
24:05 Tree of Life
24:19 Ancient Protector
24:20 Ancient Protector
24:20 Ancient Protector
24:21 Ancient Protector
25:40 Tree of Life
26:15 Ancient Protector
27:08 Tree of Life
27:11 Ancient Protector
33:32 Ancient Protector
33:32 Ancient Protector
33:34 Ancient Protector
33:35 Ancient Protector
34:08 Tree of Life
34:53 Ancient Protector
34:54 Ancient Protector
35:00 Ancient Protector
35:00 Ancient Protector
35:01 Ancient Protector
35:02 Ancient Protector
35:24 Ancient Protector
35:30 Ancient Protector
35:48 Ancient Protector
35:50 Ancient Protector
36:27 Ancient Protector
36:30 Ancient Protector
36:41 Ancient Protector
37:33 Ancient Protector
37:43 Ancient Protector
37:44 Ancient Protector
40:07 Ancient Protector
40:07 Ancient Protector
40:08 Ancient Protector
40:09 Ancient Protector
40:17 Ancient Protector
40:18 Ancient Protector
43:48 Ancient Protector
43:49 Ancient Protector
43:50 Ancient Protector
43:50 Ancient Protector
43:51 Ancient Protector
43:51 Ancient Protector
43:59 Ancient Protector
44:00 Ancient Protector
44:00 Ancient Protector
44:01 Ancient Protector
44:01 Ancient Protector
44:55 Ancient Protector
44:56 Ancient Protector
44:56 Ancient Protector
44:57 Ancient Protector
45:15 Ancient Protector
45:16 Ancient Protector
45:17 Ancient Protector
45:19 Ancient Protector
45:21 Ancient Protector
46:01 Ancient Protector
46:02 Ancient Protector
46:14 Ancient Protector
46:33 Ancient Protector
46:33 Ancient Protector
46:35 Ancient Protector
46:38 Ancient Protector
46:41 Ancient Protector
47:19 Ancient Protector
47:20 Ancient Protector
47:20 Ancient Protector
47:21 Ancient Protector
47:21 Ancient Protector
47:42 Ancient Protector
48:02 Ancient Protector
48:03 Ancient Protector
48:20 Ancient Protector
48:23 Ancient Protector
48:24 Ancient Protector
48:25 Ancient Protector
48:26 Ancient Protector
48:59 Ancient Protector
49:00 Ancient Protector
49:01 Ancient Protector
49:02 Ancient Protector
50:43 Ancient Protector
50:44 Ancient Protector
50:47 Ancient Protector
50:49 Ancient Protector
50:51 Ancient Protector
50:59 Ancient Protector
50:59 Ancient Protector
51:04 Ancient Protector
51:04 Ancient Protector
51:05 Ancient Protector
51:06 Ancient Protector
51:08 Ancient Protector
51:46 Ancient Protector
51:48 Ancient Protector
51:50 Ancient Protector
52:01 Ancient Protector
52:06 Ancient Protector
52:16 Ancient Protector
52:20 Ancient Protector
52:22 Ancient Protector
53:18 Ancient Protector
53:19 Ancient Protector
53:20 Ancient Protector
53:21 Ancient Protector
53:28 Ancient Protector
53:32 Ancient Protector
53:33 Ancient Protector
53:35 Ancient Protector
53:36 Ancient Protector
53:58 Ancient Protector
54:38 Ancient Protector
54:39 Ancient Protector
54:40 Ancient Protector
54:41 Ancient Protector
54:44 Ancient Protector
55:27 Ancient Protector
55:28 Ancient Protector
55:29 Ancient Protector
57:06 Ancient Protector
57:16 Ancient Protector
57:32 Ancient Protector
57:33 Ancient Protector
57:35 Ancient Protector
57:36 Ancient Protector
57:37 Ancient Protector
57:54 Moon Well
58:13 Moon Well
63:25 Moon Well
» items
| Dust of Appearance | 6 | |
| Potion of Lesser Invulnerability | 3 | |
| Scroll of Healing | 3 | |
| Orb of Venom | 1 | |
| Scroll of Town Portal | 5 | |
| Staff of Teleportation | 1 | |
| Tome of Retraining | 1 | |
20 total
Chat log
(50:46 / All) BEAR_AND: from?
(61:50 / All) BEAR_AND: hi
(63:40 / All) BEAR_AND: how do u feel
(70:42 / All) BEAR_AND: i love to kiss u
(73:52 / All) BEAR_AND: i love too win
(78:12 / All) BEAR_AND: https://highper.ch
(78:21 / All) BEAR_AND: its where the replays go!
(82:27 / All) BEAR_AND: bye small baby